 Dungeon Crawl Stone Soup version 0.27-a0-1188-g73eefd5def (webtiles) character file.

Game seed: 8664172882085562849

119 bande the Skirmisher (level 5, 33/33 HPs)
             Began as a Gargoyle Fighter on May 22, 2021.
             Quit the game on level 3 of the Dungeon.
             The game lasted 00:03:50 (2324 turns).

bande the Skirmisher (Gargoyle Fighter)             Turns: 2324, Time: 00:03:51

Health: 33/33      AC: 11    Str: 20    XL:     5   Next: 3%
Magic:  5/5        EV:  7    Int:  9    God:
Gold:   78         SH:  9    Dex:  9    Spells: 4/4 levels left

rFire    . . .     SeeInvis .   a - +0 war axe
rCold    . . .     Faith    .   c - +0 kite shield
rNeg     + . .     Spirit   .   b - +0 scale mail
rPois    ∞         Reflect  .   (no helmet)
rElec    +         Harm     .   (no cloak)
rCorr    .         Rampage  .   (no gloves)
Will     .....     Rnd*Tele +   (no boots)
Stlth    ..........             (no amulet)
HPRegen  0.11/turn              (no ring)
MPRegen  0.09/turn              (no ring)

@: no status effects
A: sickness immunity, AC +4, negative energy resistance 1, electricity
resistance, torment resistance 1, petrification resistance, hooves 1,
teleportitis 1, inability to read while threatened
a: no special abilities


You were on level 3 of the Dungeon.
You visited 1 branch of the dungeon, and saw 3 of its levels.

You collected 78 gold pieces.

Inventory:

Hand Weapons
 a - a +0 war axe (weapon)
 g - a +0 flail
Armour
 b - a +0 scale mail (worn)
 c - a +0 kite shield (worn)
Scrolls
 f - 2 scrolls of magic mapping
 k - 3 scrolls of enchant armour {unknown}
 n - a scroll of amnesia {unknown}
Potions
 d - a potion of might
 h - a potion of resistance
 i - a potion of heal wounds
 l - a potion of magic {unknown}
 m - a potion of brilliance {unknown}


   Skills:
 + Level 4.0 Fighting
 + Level 3.0 Axes
 + Level 3.9 Armour
 + Level 0.8 Dodging
 + Level 3.9 Shields


You had 4 spell levels left.
You didn't know any spells.
Your spell library was empty.

Dungeon Overview and Level Annotations

Branches:
Dungeon (3/15)

Altars:


Innate Abilities, Weirdness & Mutations

You are immune to sickness and miasma.
Your stone body is resilient. (AC +4)
You are immune to poison.
You resist negative energy. (rN+)
You are resistant to electric shocks. (rElec)
You are resistant to unholy torment.
You are immune to petrification.
You have large cloven feet.
You are occasionally teleported next to monsters.
You sometimes lose the ability to read scrolls when taking damage.


Message History

You kill the adder!
You closely miss the adder. The adder bites you but does no damage.
You block the adder's attack.
You hit the adder.
The adder is almost dead.
You block the adder's attack. The adder bites you.
You miss the adder.
The adder is almost dead.
The adder barely misses you. The adder bites you but does no damage.
You slash the adder!
You kill the adder!
You have reached level 5!
Found 21 arrows.
Things that are here:
a +0 short sword; 5 poisoned darts A kobold comes into view.
It is wielding a +0 dagger and quivering poisoned darts.
You see here a scroll labelled ULAUMI GAZAWA.
You block the kobold's attack.
Found 8 gold pieces.
You hit the kobold but do no damage. The kobold barely misses you. x2
You slash the kobold!
You kill the kobold!
Your Axes skill increases to level 3!
No target in view!
No target in view!
No target in view!
No target in view!
Things that are here:
a +0 dagger; 8 poisoned darts; a kobold corpse
n - a scroll labelled ULAUMI GAZAWA
As you read the scroll of identify, it crumbles to dust.
e - a potion of mutation Really quaff the potion of mutation?
You feel extremely strange.
Your feet thicken and deform.
You lose the ability to read scrolls when threatened.
You feel weirdly uncertain.
Sorry, you're not good enough to have a special ability.
Okay, then.
Are you sure you want to abandon this character and quit the game? (Confirm with "yes".)

...#..................
##...####.............
#............(........
####...........#.).......
..##...........#.........
#.##............#........
#...............##.......
...†.............####.#..
####...........#@####.#..
.†.............#....#....
#####..####.##.#.........
..# #.... #.##...........
.## ..##.##.##...).......
.# #.## .# #...........
## #.............. #
..........#...# #
.......######.##


There were no monsters in sight!

Vanquished Creatures
  3 adders
  4 gnolls (D:2)
  2 worms
  A dart slug (D:2)
  3 endoplasms
  A giant cockroach (D:1)
  4 goblins
  5 hobgoblins
  7 jackals
  4 kobolds
  A quokka (D:1)
  4 ball pythons
  3 bats
  A frilled lizard (D:2)
  3 rats
46 creatures vanquished.

Notes
Turn   | Place    | Note
-------+----------+-------------------------------------------
     0 | D:1      | bande the Gargoyle Fighter began the quest for the Orb.
     0 | D:1      | Reached XP level 1. HP: 14/14 MP: 1/1
   212 | D:1      | Found a faded altar of an unknown god.
   217 | D:1      | Reached XP level 2. HP: 19/19 MP: 2/2
  1197 | D:2      | Reached XP level 3. HP: 21/24 MP: 3/3
  1425 | D:2      | Reached XP level 4. HP: 3/29 MP: 4/4
  1989 | D:2      | Reached skill level 4 in Fighting
  2234 | D:3      | Reached XP level 5. HP: 25/33 MP: 5/5
  2323 | D:3      | Gained mutation: You have large cloven feet. [potion of
                  | mutation]
  2323 | D:3      | Gained mutation: You sometimes lose the ability to read
                  | scrolls when taking damage. [potion of mutation]
  2323 | D:3      | Gained mutation: You are occasionally teleported next to
                  | monsters. [potion of mutation]
  2324 | D:3      | Quit the game

Illustrated notes

Levels and vault maps discovered:
D:1:      dpeg_arrival_more_subterranean_lakeside_camping, layout_basic,
          basic_ecumenical_altar, hangedman_glass_teeth,
          minmay_misc_feat_diagonals
D:2:      layout_basic, kennysheep_generic_room_10
D:3:      layout_rooms

Skill      XL: |  1  2  3  4  5 |
---------------+----------------+-----
Axes           | 2 3 |  3.0
Fighting       | 4 |  4.0
Armour         | |  3.9
Dodging        | |  0.8
Shields        | |  3.9

Action                   |  1- 3 |  4- 6 || total
-------------------------+-------+-------++-------
Melee: War axe           |    97 |    48 ||   145
  Use: Scroll            |     4 |     2 ||     6
       Potion            |       |     1 ||     1
Armor: Scale mail        |    71 |    35 ||   106
Dodge: Dodged            |    35 |    22 ||    57
Block: Kite shield       |    73 |    44 ||   117

Table legend: (Time is in decaauts)
 A = Elapsed time spent in this place.
 B = Non-inter-level travel time spent in this place.
 C = Inter-level travel time spent in this place.
 D = Time resting spent in this place.
 E = Time spent auto-exploring this place.
 F = Levels seen in this place.
 G = Mean time per level.
                   A        B        C        D        E       F      G
               +--------+--------+--------+--------+--------+-----+--------+
         Total |   2412 |   2412 |      0 |    284 |   1671 |   3 |  804.0 |
       Dungeon |   2412 |   2412 |      0 |    284 |   1671 |   3 |  804.0 |
               +--------+--------+--------+--------+--------+-----+--------+

Top non-repeatable levels by time:
     D:2: 1276 daAuts
     D:1: 894 daAuts
     D:3: 241 daAuts
